 Dungeon Crawl Stone Soup version 0.30-a0-374-g95c0257040 (webtiles) character file.

Game seed: 7938872720715310394

1802 Depression the Slasher (level 8, -2/62 HPs)
             Began as a Demonspawn Monk on Nov 26, 2022.
             Slain by an orc warrior
             ... wielding a +2 vorpal hand axe
              (3 damage)
             ... on level 5 of the Dungeon.
             The game lasted 00:26:19 (4964 turns).

Depression the Slasher (Demonspawn Monk)            Turns: 4964, Time: 00:26:19

Health: -2/62      AC:  7    Str: 11    XL:     8   Next: 83%
Magic:  12/12      EV: 12    Int: 12    God:
Gold:   251        SH:  0    Dex: 18    Spells: 9/12 levels left

rFire   . . .      SeeInvis .    a - +0 falchion
rCold   . . .      Faith    .    (no shield)
rNeg    . . .      Spirit   .    x - +2 ring mail {rPois}
rPois   +          Reflect  .    w - +0 hat
rElec   .          Harm     .    (no cloak)
rCorr   .          Rampage  .    (no gloves)
Will    .....                    (no boots)
Stlth   ++........               B - amulet of magic regeneration
HPRegen 0.30/turn                (no ring)
MPRegen 0.53/turn                (no ring)

@: wereblooded
A: horns 2, powered by death 1, demonic touch 1
a: no special abilities


You were on level 5 of the Dungeon.
You visited 1 branch of the dungeon, and saw 6 of its levels.
You also visited: Sewer.

You collected 251 gold pieces.

Inventory:

Hand Weapons
 a - a +0 falchion (weapon)
Missiles
 d - 22 poisoned darts (quivered)
 o - 6 atropa-tipped darts
 q - a throwing net
Armour
 w - a +0 hat (worn)
 x - a +2 ring mail of poison resistance (worn)
Jewellery
 B - an amulet of magic regeneration (around neck)
 D - an amulet of faith
Wands
 C - a wand of iceblast (19)
Scrolls
 b - 4 scrolls of butterflies {unknown}
 h - 8 scrolls of identify {unknown}
 i - 2 scrolls of teleportation {unknown}
 k - 3 scrolls of poison {unknown}
 m - 3 scrolls of magic mapping {unknown}
 n - 2 scrolls of blinking {unknown}
 p - 4 scrolls of fear {unknown}
 u - 3 scrolls of immolation {unknown}
 y - a scroll of summoning {unknown}
Potions
 e - a potion of haste {unknown}
 f - a potion of flight {unknown}
 g - 6 potions of curing
 j - 5 potions of heal wounds
 l - a potion of magic {unknown}
 r - 2 potions of brilliance {unknown}
 s - a potion of berserk rage {unknown}
 t - 2 potions of mutation {unknown}
 v - a potion of degeneration {unknown}
 z - a potion of invisibility {unknown}
 A - 3 potions of resistance {unknown}


   Skills:
 - Level 5.0 Fighting
 + Level 7.8 Long Blades
 - Level 5.0 Dodging
 - Level 3.0 Stealth
 + Level 2.8 Spellcasting
 + Level 2.8 Transmutations


You had 9 spell levels left.
You knew the following spells:

 Your Spells              Type           Power      Damage    Failure   Level
a - Beastly Appendage     Tmut           16%        N/A       19%         1
b - Wereblood             Tmut           8%         N/A       28%         2

Your spell library contained the following spells:

 Spells                   Type           Power      Damage    Failure   Level
 Spider Form              Tmut/Pois      5%         N/A       71%         3


Dungeon Overview and Level Annotations

Branches:
Dungeon (6/15) Zot: 26979   Sewer (visited)
 Temple: D:4-7

Altars:
Vehumet

Annotations:
D:2 1 runed translucent door, 1 exclusion, Crazy Yiuf


Innate Abilities, Weirdness & Mutations

You have a pair of horns on your head.
You regenerate a little health from kills.
Your touch may inflict minor irresistible damage on your foes.


Message History

The orc warrior hits you with a +2 vorpal hand axe!
You hit the orc.
The orc is severely wounded.
You howl as the wereblood boils in your veins!
The orc misses you.
The orc warrior hits you with a +2 vorpal hand axe!
You hit the orc.
You feel a bit better.
You kill the orc!
Your talons disappear.
Your +0 hat unmelds from your body.
The orc warrior hits you with a +2 vorpal hand axe!
* * * LOW HITPOINT WARNING * * *
x2 The orc warrior attacks as you move away!
The orc warrior barely misses you.
There is a stone staircase leading up here.
The orc warrior hits you with a +2 vorpal hand axe.
* * * LOW HITPOINT WARNING * * *
x2 You climb upwards.
There is a stone staircase leading down here.
It was a potion of curing.
You feel better.
The orc warrior hits you with a +2 vorpal hand axe.
* * * LOW HITPOINT WARNING * * *
x2 It was a potion of heal wounds.
You feel much better.
The orc warrior hits you with a +2 vorpal hand axe!
You hit the orc warrior. Your headbutt misses the orc warrior.
The orc warrior is lightly wounded.
The orc warrior hits you with a +2 vorpal hand axe!
* * * LOW HITPOINT WARNING * * *
x2 You completely miss the orc warrior.
You touch the orc warrior!
The orc warrior is moderately wounded.
The orc warrior hits you with a +2 vorpal hand axe!
* * * LOW HITPOINT WARNING * * *
x2 You feel much better.
The orc warrior hits you with a +2 vorpal hand axe!
* * * LOW HITPOINT WARNING * * *
x2 You hit the orc warrior.
The orc warrior is heavily wounded.
The orc warrior hits you with a +2 vorpal hand axe!
* * * LOW HITPOINT WARNING * * *
You die...

##................####### #......
##.##############.......###......
##.# ######### #######...#.....>
##.###.......# ###........
.............# ###......
#..###.......# ##..... #.##
#.......# ######......
...#####.########### #...........
#...............@o.###.####......
..#####.##########.##..# #......
#.## #.# #..#.## #......
...####.## ##....## ##.....
.........##########..#..# ##....
.#.....#............###.## #####
.#..##########.......##..# .#..##
###.####.....## .....# #...#
#####..#####


You could see an orc warrior.

Vanquished Creatures
  4 yaks (D:5)
  A black bear (D:4)
  2 kobold brigands (Sewer)
  A phantom (D:5)
  2 necrophages
  A scorpion (D:4)
  A howler monkey (D:2)
  3 hounds
  4 orc priests
  Jessica (D:3)
  4 orc wizards
  Robin (D:2)
  6 gnolls
  12 adders
  7 river rats
  3 dart slugs
  20 orcs
  14 ball pythons
  2 bats
  7 endoplasms
  3 giant cockroaches
  14 goblins
  11 hobgoblins
  3 jackals (Sewer)
  2 quokkas
  8 frilled lizards
  9 kobolds
  8 rats
154 creatures vanquished.

Vanquished Creatures (others)
  12 plants (Sewer)
12 creatures vanquished.

Grand Total: 166 creatures vanquished

Notes
Turn   | Place    | Note
-------+----------+-------------------------------------------
     0 | D:1      | Depression the Demonspawn Monk began the quest for the Orb.
     0 | D:1      | Reached XP level 1. HP: 18/18 MP: 1/1
    95 | D:1      | Reached skill level 2 in Stealth
   148 | D:1      | Gained mutation: You regenerate a little health from kills.
                  | [demonic ancestry]
   148 | D:1      | Reached XP level 2. HP: 20/24 MP: 2/2
   669 | D:2      | Reached skill level 3 in Dodging
   729 | D:2      | Reached skill level 3 in Long Blades
   729 | D:2      | Reached XP level 3. HP: 10/29 MP: 3/3
   729 | D:2      | HP: 5/29 [frozen (5)]
   904 | D:2      | Noticed Robin
   938 | D:2      | Killed Robin
   939 | D:2      | Discovered your monstrous ancestry.
   939 | D:2      | Gained mutation: You have a pair of small horns on your
                  | head. [demonic ancestry]
   939 | D:2      | Reached XP level 4. HP: 24/35 MP: 4/4
  1099 | D:2      | Found a runed translucent door.
  1100 | D:2      | Noticed Crazy Yiuf
  1141 | D:2      | Reached skill level 3 in Stealth
  1141 | D:2      | Reached XP level 5. HP: 17/42 MP: 5/5
  1142 | D:2      | HP: 9/42 [goblin/sling bullet (6)]
  1480 | D:3      | Found a radiant altar of Vehumet.
  1504 | D:2      | HP: 10/42 [gnoll/+0 flail (3)]
  1764 | D:3      | Reached skill level 4 in Fighting
  1874 | D:3      | Noticed Jessica
  1882 | D:3      | Killed Jessica
  2397 | D:3      | Gained mutation: Your touch may inflict minor irresistible
                  | damage on your foes. [demonic ancestry]
  2397 | D:3      | Reached XP level 6. HP: 46/49 MP: 6/6
  2577 | D:4      | Reached skill level 4 in Long Blades
  2585 | D:4      | Reached skill level 4 in Dodging
  2692 | D:4      | Learned a level 1 spell: Beastly Appendage
  2931 | D:4      | Reached skill level 5 in Fighting
  2931 | D:4      | Gained mutation: You have a pair of horns on your head.
                  | [demonic ancestry]
  2931 | D:4      | Reached XP level 7. HP: 28/56 MP: 7/7
  3416 | D:4      | Reached skill level 5 in Long Blades
  3444 | D:4      | Learned a level 2 spell: Wereblood
  3462 | D:5      | Entered Level 5 of the Dungeon
  3463 | D:5      | Found a glowing drain.
  3475 | D:5      | Reached skill level 5 in Dodging
  3482 | Sewer    | Entered a sewer
  3707 | Sewer    | Reached skill level 6 in Long Blades
  4114 | D:5      | Reached XP level 8. HP: 48/62 MP: 8/8
  4353 | D:5      | Reached skill level 1 in Spellcasting
  4353 | D:5      | Reached skill level 1 in Transmutations
  4420 | D:5      | Reached skill level 7 in Long Blades
  4523 | D:5      | Reached skill level 2 in Spellcasting
  4523 | D:5      | Reached skill level 2 in Transmutations
  4585 | D:5      | HP: 15/62 [yak (7)]
  4586 | D:5      | HP: 1/62 [yak (14)]
  4593 | D:5      | HP: 15/62 [yak (4)]
  4594 | D:5      | HP: 3/62 [yak (13)]
  4955 | D:6      | HP: 15/62 [orc warrior/+2 vorpal hand axe (4)]
  4962 | D:5      | HP: 10/62 [orc warrior/+2 vorpal hand axe (8)]
  4964 | D:5      | HP: 1/62 [orc warrior/+2 vorpal hand axe (11)]
  4964 | D:5      | Slain by an orc warrior

Illustrated notes

Levels and vault maps discovered:
D:1:      amcnicky_arrival_feature_with_door, layout_basic, serial_curves,
          eino_curves_03, eino_curves_01
D:2:      wander_river, layout_rooms, serial_forest, infiniplex_forest_zigzag_1,
          infiniplex_forest_lined_2, infiniplex_forest_end_3,
          infiniplex_forest_clump_diagonal, infiniplex_forest_lined_room_2,
          infiniplex_forest_straight_1, uniq_robin, uniq_crazy_yiuf_cottage
D:3:      layout_loops_ring, nicolae_vehumet_altar_sigil,
          corexii_leaking_fountain, minivault_25, uniq_jessica
D:4:      layout_basic, serial_bayou_crossing
D:5:      layout_rooms, chequers_ossuary_entry_cave, portal_sewer_entry_b
D:6:      layout_rooms, dk_yredelemnul_ordeal, minmay_temple_entry_grid,
          amcnicky_mini_rare_corridor_liquid

Skill      XL: |  1  2  3  4  5  6  7  8 |
---------------+-------------------------+-----
Stealth        | 2 3 |  3.0
Dodging        | 3 4 5 |  5.0
Long Blades    | 3 4 6 7 |  7.8
Fighting       | 4 5 |  5.0
Spellcasting   | 2 |  2.8
Transmutations | 2 |  2.8

Action                   |  1- 3 |  4- 6 |  7- 9 || total
-------------------------+-------+-------+-------++-------
Melee: Falchion          |   110 |   172 |   199 ||   481
       Headbutt          |       |    33 |    39 ||    72
       Touch             |       |    18 |    32 ||    50
       Punch             |       |       |     3 ||     3
       Kick              |       |       |     3 ||     3
Throw: Dart              |       |     5 |       ||     5
 Cast: Beastly Appendage |       |     1 |     2 ||     3
       Wereblood         |       |       |     1 ||     1
  Use: Potion            |       |       |     4 ||     4
 Stab: Sleeping          |       |     3 |     2 ||     5
       Distracted        |       |     2 |       ||     2
Armor: Ring mail         |    28 |    41 |    60 ||   129
Dodge: Dodged            |    70 |    95 |    71 ||   236

Table legend: (Time is in decaauts)
 A = Elapsed time spent in this place.
 B = Non-inter-level travel time spent in this place.
 C = Inter-level travel time spent in this place.
 D = Time resting spent in this place.
 E = Time spent auto-exploring this place.
 F = Levels seen in this place.
 G = Mean time per level.
                   A        B        C        D        E       F      G
               +--------+--------+--------+--------+--------+-----+--------+
         Total |   5158 |   5040 |    118 |   1167 |   1205 |   7 |  736.9 |
       Dungeon |   4441 |   4323 |    118 |   1152 |    934 |   6 |  740.2 |
         Sewer |    717 |    717 |      0 |     15 |    271 |   1 |  717.0 |
               +--------+--------+--------+--------+--------+-----+--------+

Top non-repeatable levels by time:
     D:2: 1176 daAuts
     D:4: 1042 daAuts
     D:5: 911 daAuts
     D:3: 728 daAuts
   Sewer: 717 daAuts
     D:1: 569 daAuts
     D:6: 13 daAuts
